 Dungeon Crawl Stone Soup version 0.28.0-43-g3370ac3207 (webtiles) character file.

Game seed: 14879343540346464732

999 cbfl8 the Skirmisher (level 8, -5/103 HPs)
             Began as a Green Draconian Berserker on Mar 11, 2022.
             Was a Believer of Trog.
             Slain by a gnoll sergeant
             ... wielding a +2 vorpal trident
              (8 damage)
             ... on level 6 of the Dungeon.
             The game lasted 00:10:53 (6322 turns).

cbfl8 the Skirmisher (Green Draconian Berserker)    Turns: 6322, Time: 00:10:54

Health: -5/103     AC:  7    Str: 19    XL:     8   Next: 0%
Magic:  8/8        EV: 13    Int:  9    God:    Trog [**....]
Gold:   545        SH:  0    Dex: 12    Spells: 7/7 levels left

rFire   . . .      SeeInvis .   i - +1 trident (flame)
rCold   . . .      Faith    .   (no shield)
rNeg    . . .      Spirit   .   (armour unavailable)
rPois   +          Reflect  .   (helmet restricted)
rElec   .          Harm     .   g - scarf {+Inv}
rCorr   .          Rampage  .   b - +0 pair of gloves
Will    ++...                   (no boots)
Stlth   ..........              (no amulet)
HPRegen 1.27/turn               (no ring)
MPRegen 0.11/turn               (no ring)

@: berserking, strong-willed (expiring), regenerating (expiring), very quick
A: breathe noxious fumes, AC +6, unfitting armour, poison resistance,
cold-blooded
a: Breathe Noxious Fumes, Renounce Religion, Evoke Invisibility, Berserk, Trog's
Hand


You were on level 6 of the Dungeon.
You worshipped Trog.
Trog was pleased with you.
You visited 1 branch of the dungeon, and saw 5 of its levels.
You also visited: Ossuary.

You collected 545 gold pieces.

Inventory:

Hand Weapons
 a - a +0 hand axe
 i - a +1 trident of flaming (weapon)
Armour
 b - a +0 pair of gloves (worn)
 c - a +0 ring mail
 f - a +0 leather armour
 g - a scarf of invisibility (worn)
 w - a +2 helmet
Jewellery
 p - a ring of resist corrosion
 v - a +4 ring of protection
Wands
 o - a wand of iceblast (3)
 q - a wand of paralysis (8)
Scrolls
 e - 3 scrolls of identify
 h - 3 scrolls of enchant weapon
 m - 2 scrolls of teleportation
 n - 2 scrolls of magic mapping
 r - 2 scrolls of amnesia {unknown}
 x - a scroll of enchant armour {unknown}
Potions
 d - 3 potions of might {unknown}
 j - 4 potions of degeneration
 k - 2 potions of brilliance {unknown}
 l - a potion of attraction {unknown}
 s - 2 potions of mutation {unknown}
 t - 4 potions of curing {unknown}
 u - 3 potions of heal wounds {unknown}
 z - a potion of resistance {unknown}


   Skills:
 + Level 5.6 Fighting
 + Level 4.0(5.4) Axes
 + Level 5.5(6.1) Polearms
 + Level 4.8 Dodging
 + Level 2.3 Stealth


You had 7 spell levels left.
You didn't know any spells.
Your spell library contained the following spells:

 Spells                   Type           Power      Damage    Failure   Level
 Static Discharge         Conj/Air       0%         N/A       52%         2
 Dispel Undead            Necr           0%         3d6       99%         4
 Sticky Flame             Conj/Fire      0%         2d3       99%         4
 Alistair's Intoxication  Tmut/Pois      0%         N/A       100%        5
 Borgnjor's Vile Clutch   Necr/Erth      0%         N/A       100%        5
 Eringya's Noxious Bog    Tmut/Pois      0%         N/A       100%        6


Dungeon Overview and Level Annotations

Branches:
Dungeon (6/15)             Temple (0/1) D:6         Ossuary (visited)

Altars:
Fedhas
Zin

Shops:
D:6 [

Annotations:
D:2 1 runed translucent door, Crazy Yiuf


Innate Abilities, Weirdness & Mutations

You can breathe blasts of noxious fumes.
Your lurid green scales are hard. (AC +6)
You cannot fit into any form of body armour.
Your system is resistant to poisons. (rPois)
You are cold-blooded and may be slowed by cold attacks.


Message History

Items here: )) ††.
You closely miss the gnoll sergeant. The gnoll sergeant closely misses you.
You hit the gnoll sergeant. You burn the gnoll sergeant.
The gnoll sergeant is lightly wounded.
The gnoll sergeant hits you with a +2 vorpal trident.
The ogre hits you with a +0 giant club.
You hit the gnoll sergeant but do no damage.
The gnoll sergeant is lightly wounded.
The gnoll sergeant hits you with a +2 vorpal trident.
You hit the gnoll sergeant. You burn the gnoll sergeant.
Your tail-slap misses the gnoll sergeant.
The gnoll sergeant is moderately wounded.
The ogre hits you with a +0 giant club! The gnoll sergeant closely misses you.
You hit the gnoll sergeant. You burn the gnoll sergeant.
You tail-slap the gnoll sergeant.
The gnoll sergeant is heavily wounded.
The gnoll sergeant hits you with a +2 vorpal trident!
* * * LOW HITPOINT WARNING * * *
The ogre closely misses you.
Your skin crawls.
You feel strong-willed. The gnoll sergeant misses you.
The ogre hits you with a +0 giant club!
* * * LOW HITPOINT WARNING * * *
A red film seems to cover your vision as you go berserk!
You feel yourself moving faster!
You feel mighty!
The gnoll sergeant hits you with a +2 vorpal trident.
* * * LOW HITPOINT WARNING * * *
x2 You puncture the ogre!
You burn the ogre!
The ogre is almost dead.
The ogre misses you.
The gnoll sergeant hits you with a +2 vorpal trident.
* * * LOW HITPOINT WARNING * * *
x2 You barely miss the ogre.
The ogre is almost dead.
You feel the effects of Trog's Hand fading.
You puncture the ogre! You burn the ogre.
You kill the ogre!
Trog accepts your kill.
The gnoll sergeant hits you with a +2 vorpal trident!
You die...

######..#
*,,.........##..... #..#
***#........####### #..#
#........#
#..#######........#
#........#........# ###
#.................# #..
#######.∩##.......#####..
*.....<#)##.......#......
*.####.#@##.......#......
*,***#+#g##.......#..[...
*,**,,,.g.........#####..
*,,,,,............# ##.
****,.?.....####### #.
*...)....# ## #.....$..#
###### ########## #.....
#.....


You could see a gnoll sergeant and a gnoll.

Vanquished Creatures
  Sigmund (D:4)
  Menkaure (D:4)
  A water moccasin (D:3)
  2 ogres (D:6)
  A phantom (D:6)
  A bullfrog zombie (D:6)
  A hound (D:4)
  A jelly (D:6)
  An orc priest (D:6)
  2 iguanas (D:6)
  Terence (D:3)
  A killer bee zombie (D:6)
  8 mummies (Ossuary)
  6 gnolls
  4 adders
  2 dart slugs
  6 orcs
  5 endoplasms
  2 giant cockroaches
  A gnoll zombie (Ossuary)
  4 goblins
  A hobgoblin (D:1)
  4 jackals (D:1)
  9 kobolds
  4 quokkas
  8 ball pythons
  4 bats
  4 frilled lizards
  2 hobgoblin zombies (Ossuary)
  3 kobold zombies (Ossuary)
  2 orc zombies (Ossuary)
  6 rats
  2 toadstools (D:1)
101 creatures vanquished.

Vanquished Creatures (others)
  A hobgoblin (D:3)
  6 fungi (D:1)
  3 toadstools (D:1)
10 creatures vanquished.

Grand Total: 111 creatures vanquished

Notes
Turn   | Place    | Note
-------+----------+-------------------------------------------
     0 | D:1      | cbfl8 the Draconian Berserker began the quest for the Orb.
     0 | D:1      | Reached XP level 1. HP: 19/19 MP: 1/1
   448 | D:1      | Reached XP level 2. HP: 26/26 MP: 2/2
  1218 | D:2      | Reached XP level 3. HP: 33/33 MP: 3/3
  1578 | D:2      | Found a runed translucent door.
  1579 | D:2      | Noticed Crazy Yiuf
  1756 | D:3      | Noticed Terence
  1762 | D:3      | Killed Terence
  1763 | D:3      | Reached XP level 4. HP: 14/40 MP: 4/4
  2001 | D:3      | Reached ** piety under Trog
  2683 | D:3      | Reached skill level 1 in Polearms
  3074 | D:3      | Noticed a water moccasin
  3086 | D:3      | Killed a water moccasin
  3087 | D:3      | Reached XP level 5. HP: 12/47 MP: 5/5
  4221 | D:4      | Found a blossoming altar of Fedhas.
  4224 | D:4      | Found a glowing silver altar of Zin.
  4282 | D:4      | Noticed Menkaure
  4286 | D:4      | Killed Menkaure
  4287 | D:4      | Reached skill level 1 in Stealth
  4287 | D:4      | Reached XP level 6. HP: 53/53 MP: 6/6
  4304 | D:4      | Noticed Sigmund
  4317 | D:4      | Killed Sigmund
  4318 | D:4      | Reached skill level 5 in Fighting
  4354 | D:4      | Your scales start taking on a lurid green colour.
  4354 | D:4      | Reached XP level 7. HP: 61/61 MP: 7/7
  4354 | D:4      | Gained mutation: Your system is resistant to poisons.
                  | (rPois) [Green Draconian growth]
  4475 | D:4      | You fall into a shaft and drop 2 floors!
  4518 | D:6      | Found a staircase to the Ecumenical Temple.
  4618 | D:6      | Found a sand-covered staircase.
  4623 | Ossuary  | Entered an ossuary
  5729 | D:6      | Reached skill level 5 in Polearms
  6291 | D:6      | Found Ovuur's Armour Boutique.
  6312 | D:6      | Reached XP level 8. HP: 55/69 MP: 8/8
  6320 | D:6      | HP: 3/103 [gnoll sergeant/+2 vorpal trident (6)]
  6322 | D:6      | Slain by a gnoll sergeant

Illustrated notes

Levels and vault maps discovered:
D:1:      ncdulo_watergridlock, layout_rooms, minmay_gold_behind_fungi
D:2:      layout_rooms, uniq_crazy_yiuf_cottage
D:3:      kennysheep_six_static_rooms, layout_basic, lemuel_flame_loot_1,
          uniq_terence
D:4:      nicolae_cairo_tiling_very_big, layout_loops_ring,
          kennysheep_little_box, jmf_multi_god_temple, gammafunk_ghost_grave,
          fountainhead, uniq_sigmund, uniq_menkaure
D:6:      layout_basic, minmay_temple_entry_trees, serial_shops, shop,
          enter_ossuary_2

Skill      XL: |  1  2  3  4  5  6  7 |
---------------+----------------------+-----
Dodging        | 3 4 |  4.8
Fighting       | 4 5 |  5.6
Axes           | 4 |  4.0
Polearms       | 2 3 5 |  5.5
Stealth        | 1 2 |  2.3

Action                   |  1- 3 |  4- 6 |  7- 9 || total
-------------------------+-------+-------+-------++-------
Melee: Hand axe          |    78 |       |       ||    78
       Tailslap          |     7 |     6 |    12 ||    25
       Trident           |     9 |    66 |   106 ||   181
Invok: Berserk           |     1 |     2 |     2 ||     5
       Trog's Hand       |       |       |     1 ||     1
  Use: Scroll            |       |       |     5 ||     5
 Stab: Sleeping          |       |       |     1 ||     1
Armor: Skin              |    34 |    25 |    16 ||    75
Dodge: Dodged            |    97 |    53 |    59 ||   209
